 Dungeon Crawl Stone Soup version 0.24.0-123-gd5b16e6ec5 (webtiles) character file.

Game seed: 11042502513889904748, levelgen mode: deterministic

13587 FishyPogo the Grand Scion (level 11, -1/77 HPs)
             Began as a Demonspawn Fire Elementalist on Dec 30, 2019.
             Was a High Priest of Hepliaklqana.
             Splashed by a tengu reaver's acid (11 damage)
             ... on level 12 of the Dungeon on Dec 31, 2019.
             The game lasted 01:11:55 (12032 turns).

FishyPogo the Grand Scion (DsFE)                   Turns: 12032, Time: 01:12:01

Health: -1/77      AC: 10    Str: 19    XL:     11   Next: 77%
Magic:  21/21      EV: 15    Int: 16    God:    Hepliaklqana [*****.]
Gold:   531        SH:  0    Dex: 14    Spells: 5/23 levels left

rFire    . . .     SeeInvis .   a - +1 whip (freeze)
rCold    + . .     Gourm    .   (no shield)
rNeg     . . .     Faith    .   D - +2 robe {Archmagi}
rPois    .         Spirit   .   (helmet restricted)
rElec    .         Reflect  .   E - +0 cloak
rCorr    .         Harm     .   (no gloves)
MR       .....     Rnd*Tele +   r - +0 pair of boots
Stlth    ++........             (no amulet)
HPRegen  0.22/turn              O - ring of teleportation (curse)
MPRegen  0.17/turn              (no ring)

@: mighty
A: reduced essence, antennae 1, claws 2, icy blue scales 3, deterioration 1,
strong 1, evolution 1
a: Recall Ancestor, Ancestor Identity, Transference, Idealise, Renounce Religion


You were on level 12 of the Dungeon.
You worshipped Hepliaklqana.
Hepliaklqana was extremely pleased with you.
You were not hungry.

You visited 1 branch of the dungeon, and saw 12 of its levels.
You also visited: Sewer.

You collected 726 gold pieces.
You spent 195 gold pieces at shops.

Inventory:

Hand Weapons
 a - a +1 whip of freezing (weapon)
 b - the +7 hunting sling of Spite {speed, +Blink rC+ rN+}
   (You bought it in a shop on level 4 of the Dungeon)

   Attacks with this weapon are significantly faster.
   It protects you from cold.
   It protects you from negative energy.
   It lets you blink.
 m - a +3 hand axe of chopping
 G - a cursed +0 mace
 H - a +0 flail
 K - a +0 scimitar of flaming
Missiles
 h - 15 boomerangs (quivered)
 i - 188 stones
 w - 62 poisoned darts
 A - a throwing net
 Q - 51 sling bullets
 R - 2 silver boomerangs
Armour
 r - a +0 pair of boots (worn)
 x - a +0 helmet
 D - a +2 robe of the Archmagi (worn)
 E - a +0 cloak (worn)
 F - the +1 robe of Failure {+Fly rC+ rCorr Int+4}
   (You found it on level 7 of the Dungeon)

   It affects your intelligence (+4).
   It protects you from cold.
   It lets you fly.
   It provides partial protection from all sources of acid and corrosion.
Magical Staves
 T - a cursed staff of summoning {unknown}
Jewellery
 O - a cursed ring of teleportation (left claw)
Wands
 d - a wand of flame (45)
 j - a wand of acid (10)
 q - a wand of digging (6)
 y - a wand of disintegration (19)
Scrolls
 e - 3 scrolls of magic mapping
 f - 2 scrolls of teleportation
 p - a scroll of fear {unknown}
 s - a scroll of enchant armour {unknown}
 z - a scroll of acquirement {unknown}
 B - 3 scrolls of identify
 C - 2 scrolls of fog
 J - a scroll of amnesia {unknown}
 M - a scroll of blinking
 N - a scroll of remove curse {unknown}
Potions
 g - 2 potions of curing
 k - a potion of cancellation
 l - a potion of mutation
 n - 2 potions of magic
 o - 5 potions of might
 t - a potion of berserk rage
 u - 2 potions of haste
 v - a potion of resistance {unknown}
 I - a potion of heal wounds
 L - a potion of invisibility
 P - a potion of brilliance
Comestibles
 c - 17 rations
 S - 6 chunks of flesh


   Skills:
 - Level 8.0 Fighting
 - Level 4.0 Slings
 - Level 4.0 Armour
 - Level 6.0 Dodging
 - Level 2.0 Stealth
 + Level 6.9 Spellcasting
 * Level 8.0 Conjurations
 + Level 6.8 Fire Magic
 + Level 2.7 Air Magic
 - Level 9.0 Invocations


You had 5 spell levels left.
You knew the following spells:

 Your Spells              Type           Power        Failure   Level  Hunger
a - Flame Tongue          Conj/Fire      #####        1%          1    None
b - Throw Flame           Conj/Fire      #####.       1%          2    None
c - Mephitic Cloud        Conj/Pois/Air  ####....     9%          3    ##.....
d - Fireball              Conj/Fire      #####.....   16%         5    #####..
j - Conjure Flame         Conj/Fire      #####...     1%          3    ##.....
p - Sticky Flame          Conj/Fire      #####...     6%          4    ####...

Your spell library contained the following spells:

 Spells                   Type           Power        Failure   Level  Hunger
 Magic Dart               Conj           ####         1%          1    None
 Static Discharge         Conj/Air       ####....     4%          3    ##.....
 Inner Flame              Hex/Fire       ###.....     9%          3    ##.....
 Freeze                   Ice            #...         13%         1    None
 Blink                    Tloc           N/A          19%         2    None
 Call Imp                 Summ           #.......     19%         2    None
 Slow                     Hex            #.......     19%         2    None
 Lightning Bolt           Conj/Air       ####......   36%         5    #####..
 Metabolic Englaciation   Hex/Ice        #.........   98%         5    #####..
 Disjunction              Tloc           #.........   100%        8    #######
 Ignition                 Fire           #####.....   100%        8    #######
 Shatter                  Erth           #.........   100%        9    #######
 Tornado                  Air            ###.......   100%        9    #######


Dungeon Overview and Level Annotations

Branches:
Dungeon (12/15)            Temple (0/1) D:7            Lair (0/6) D:11
    Orc (0/2) D:9           Sewer (visited)

Altars:
Ashenzari
Cheibriados
Fedhas
Hepliaklqana
Makhleb
Qazlal
Ru
Sif Muna
Xom

Shops:
D:4 (   D:12 (


Innate Abilities, Weirdness & Mutations

You have very sharp fingernails.
You are completely covered in icy blue scales. (AC +4, rC+)
Your life essence is reduced to manifest your ancestor. (-10% HP)
You have a pair of small antennae on your head.
Your body sometimes deteriorates upon taking damage.
Your muscles are strong. (Str +2)
You evolve.


Message History

The tengu reaver barely misses you. The tengu reaver closely misses you.
The tengu reaver claws you but does no damage.
You hit the tengu reaver. You freeze the tengu reaver.
The tengu reaver is moderately wounded.
Stanko hits the tengu reaver with a +0 quarterstaff.
The tengu reaver hits you with a +0 halberd.
* * * LOW HITPOINT WARNING * * *
The tengu reaver closely misses you. The tengu reaver misses you.
You feel much better.
Stanko completely misses the tengu reaver.
The tengu reaver hits you with a +0 halberd.
The tengu reaver closely misses you. The tengu reaver claws you.
You closely miss the tengu reaver.
The tengu reaver is heavily wounded.
Stanko closely misses the tengu reaver.
The tengu reaver points at you and mumbles some strange words.
The bolt of acid hits you!!
* * * LOW HITPOINT WARNING * * *
You are splashed with acid!
You die...

...####...##≈≈...#
..## ##*.☼###...#
..# #..°○○....#
..# #Q.○°○○...#
..# ≈≈.§§☼☼####..#
... ##.§..##≈≈##(#
......#≈..≈#*#
.......#≈..≈#Q#
####...##≈≈.R@#
##. ###...#
#.........#
#.........# .
....####..# . ...
##.# .. #.# . #.#
.#


You could see the friendly Stanko the battlemage, a tengu reaver and a
battlesphere.

Vanquished Creatures
  2 two-headed ogres
  Erica (D:9)
  An unseen horror (D:12)
  Pikel (D:5)
  3 cyclopes
  A water moccasin (D:7)
  An orc warrior (D:8)
  A sky beast (D:5)
  4 slaves (D:5)
  An ice beast (D:5)
  A black bear (D:7)
  A phantom (D:8)
  2 centaurs
  An ogre (D:8)
  2 crocodiles (D:11)
  5 big kobolds (Sewer)
  Blork the orc (D:5)
  2 bullfrogs
  A gnoll sergeant (D:10)
  A scorpion (D:7)
  3 killer bees
  2 howler monkeys
  2 electric eels (D:8)
  A crimson imp (D:9)
  4 jellies
  3 hounds
  5 orc priests
  4 orc wizards
  4 iguanas
  5 worker ants
  A battlemage (D:8)
  A hound skeleton (D:4)
  A mummy (D:6)
  15 adders
  7 gnolls
  A river rat (Sewer)
  4 shadow imps
  5 oozes
  An adder skeleton (D:6)
  4 worms
  2 leopard geckos
  19 orcs
  2 bats (D:2)
  7 giant cockroaches
  8 goblins
  5 hobgoblins
  3 jackals
  12 kobolds
  A quokka (D:2)
  4 ball pythons
  3 frilled lizards
  3 hobgoblin zombies (D:6)
  A jackal zombie (D:5)
  An orc zombie (D:6)
  A quokka skeleton (D:5)
  9 rats
187 creatures vanquished.

Vanquished Creatures (collateral kills)
  An ugly thing (D:12)
  3 centaur skeletons
  A kobold demonologist (D:12)
  A troll (D:9)
  Prince Ribbit (D:7)
  5 yaks (D:11)
  A hungry ghost (D:7)
  3 porcupines (D:11)
  A water moccasin (D:8)
  An orc warrior (D:10)
  2 sky beasts
  2 phantoms
  3 black bears
  4 ogres
  2 ice beasts (D:7)
  9 centaurs
  3 big kobolds
  A crocodile (D:9)
  3 bullfrogs
  A wyvern zombie (D:9)
  4 killer bees (D:7)
  A howler monkey (D:8)
  4 crimson imps
  A centaur zombie (D:5)
  5 hounds
  2 jellies
  4 orc wizards
  2 bullfrog skeletons
  3 iguanas
  7 worker ants
  A hound skeleton (D:4)
  7 gnolls
  A howler monkey skeleton (D:8)
  7 adders
  2 shadow imps
  3 adder skeletons
  An adder zombie (D:6)
  2 worms
  2 dart slugs
  16 orcs
  A giant cockroach (D:5)
  A goblin (D:2)
  3 jackals (D:4)
  A quokka (D:3)
  3 kobolds
  2 rats
  A fungus (D:11)
  2 plants (D:11)
137 creatures vanquished.

Vanquished Creatures (others)
  4 battlemagi
  8 ancestors
  A fungus (D:11)
13 creatures vanquished.

Grand Total: 337 creatures vanquished

Notes
Turn   | Place    | Note
-------+----------+-------------------------------------------
     0 | D:1      | FishyPogo the Demonspawn Fire Elementalist began the quest
                  | for the Orb.
     0 | D:1      | Reached XP level 1. HP: 13/13 MP: 3/3
   373 | D:1      | Gained mutation: You are partially covered in icy blue
                  | scales. (AC +2) [demonic ancestry]
   373 | D:1      | Reached XP level 2. HP: 18/20 MP: 0/5
   639 | D:1      | Reached skill level 1 in Fighting
  1079 | D:2      | Learned a level 2 spell: Throw Flame
  1260 | D:2      | Reached XP level 3. HP: 27/27 MP: 2/6
  1346 | D:2      | Found a hazy altar of Hepliaklqana.
  1407 | D:2      | Became a worshipper of Hepliaklqana the Forgotten
  1563 | D:2      | Found a snail-covered altar of Cheibriados.
  1586 | D:2      | Gained mutation: You have sharp fingernails. [demonic
                  | ancestry]
  1586 | D:2      | Reached XP level 4. HP: 29/31 MP: 1/7
  1992 | D:3      | Learned a level 3 spell: Conjure Flame
  2206 | D:3      | Reached * piety under Hepliaklqana
  2253 | D:3      | Gained mutation: You are mostly covered in icy blue scales.
                  | (AC +3) [demonic ancestry]
  2253 | D:3      | Reached XP level 5. HP: 25/37 MP: 4/8
  2767 | D:4      | Reached skill level 5 in Fighting
  2972 | D:4      | Found Ogipewo's Antique Weapon Boutique.
  3117 | D:4      | Reached XP level 6. HP: 45/45 MP: 4/9
  3325 | D:5      | Entered Level 5 of the Dungeon
  3543 | D:5      | Reached XP level 7. HP: 21/54 MP: 5/10
  3688 | D:5      | Reached skill level 1 in Invocations
  3825 | D:5      | Reached skill level 1 in Armour
  3848 | D:5      | Reached skill level 2 in Invocations
  3878 | D:5      | Noticed Blork the orc
  3952 | D:5      | Found a glowing drain.
  3960 | Sewer    | Entered a sewer
  4099 | Sewer    | Reached skill level 3 in Invocations
  4099 | Sewer    | Gained mutation: You are completely covered in icy blue
                  | scales. (AC +4, rC+) [demonic ancestry]
  4099 | Sewer    | Reached XP level 8. HP: 52/60 MP: 4/11
  4533 | Sewer    | Reached skill level 4 in Invocations
  4708 | D:5      | Killed Blork the orc
  4714 | D:5      | Learned a level 4 spell: Sticky Flame
  4759 | D:5      | Noticed Pikel
  4918 | D:5      | Killed Pikel
  4918 | D:5      | Reached skill level 5 in Invocations
  5180 | D:5      | Reached XP level 9. HP: 46/66 MP: 1/13
  5635 | D:6      | Reached ** piety under Hepliaklqana
  5636 | D:6      | Remembered your ancestor Stanko as a battlemage
  5922 | D:4      | Bought a brightly glowing hunting sling for 195 gold pieces
  5922 | D:4      | Identified the +7 hunting sling of Spite {speed, +Blink rC+
                  | rN+} (You bought it in a shop on level 4 of the Dungeon)
  6305 | D:7      | Reached skill level 1 in Slings
  6654 | D:7      | Reached skill level 5 in Dodging
  6654 | D:7      | Reached skill level 5 in Fire Magic
  6708 | D:7      | Found a blossoming altar of Fedhas.
  6720 | D:7      | Noticed Prince Ribbit
  6728 | D:7      | Killed Prince Ribbit
  6997 | D:7      | Got a colourful robe
  7036 | D:7      | Found a sacrificial altar of Ru.
  7047 | D:7      | Identified the +1 robe of Failure {+Fly rC+ rCorr Int+4}
                  | (You found it on level 7 of the Dungeon)
  7075 | D:7      | You fall into a shaft and drop 1 floor!
  7090 | D:8      | Reached XP level 10. HP: 72/72 MP: 6/16
  7099 | D:8      | Reached *** piety under Hepliaklqana
  7120 | D:8      | Found a transporter.
  7175 | D:8      | Reached skill level 5 in Spellcasting
  7671 | D:7      | Found a staircase to the Ecumenical Temple.
  7706 | D:8      | Found a transporter.
  7795 | D:8      | Found a stormy altar of Qazlal.
  7796 | D:8      | Found a burning altar of Makhleb.
  8057 | D:8      | Found a shattered altar of Ashenzari.
  8193 | D:8      | Found a shimmering altar of Xom.
  8195 | D:8      | Found a shimmering blue altar of Sif Muna.
  8325 | D:9      | Noticed Erica
  8333 | D:9      | Killed Erica
  8566 | D:9      | Noticed a two-headed ogre
  8580 | D:9      | Killed a two-headed ogre
  8580 | D:9      | Reached skill level 5 in Conjurations
  8580 | D:9      | Reached skill level 6 in Invocations
  8786 | D:9      | Reached skill level 7 in Invocations
  8890 | D:9      | Found a staircase to the Orcish Mines.
  9064 | D:10     | Entered Level 10 of the Dungeon
  9084 | D:10     | Reached **** piety under Hepliaklqana
  9747 | D:10     | Learned a level 3 spell: Mephitic Cloud
  9753 | D:10     | Learned a level 5 spell: Fireball
  9797 | D:10     | Gained mutation: You have very sharp fingernails. [demonic
                  | ancestry]
  9797 | D:10     | Reached XP level 11. HP: 77/77 MP: 17/20
 10290 | D:11     | Reached skill level 8 in Invocations
 10533 | D:11     | Found a staircase to the Lair.
 10559 | D:11     | Reached ***** piety under Hepliaklqana
 10607 | D:11     | Noticed a two-headed ogre
 10615 | D:11     | Killed a two-headed ogre
 10615 | D:11     | Reached skill level 1 in Air Magic
 10616 | D:11     | Identified Vuocsom's Volume of Warped Ice
 11257 | D:12     | Noticed a purple ugly thing
 11258 | D:12     | Noticed an unseen horror
 11259 | D:12     | Killed an unseen horror
 11647 | D:12     | Killed a purple ugly thing
 11756 | D:12     | Reached skill level 9 in Invocations
 11852 | D:12     | Found Joly's Weapon Boutique.
 11965 | D:12     | Noticed a tengu reaver
 12028 | D:12     | Gained mutation: You evolve. [potion of mutation]
 12028 | D:12     | Gained mutation: Your body sometimes deteriorates upon
                  | taking damage. [potion of mutation]
 12028 | D:12     | Gained mutation: You have a pair of small antennae on your
                  | head. [potion of mutation]
 12028 | D:12     | Gained mutation: Your muscles are strong. (Str +2) [potion
                  | of mutation]
 12032 | D:12     | Splashed by a tengu reaver's acid

Levels and vault maps discovered:
D:1:      dpeg_arrival_ternary, layout_basic
D:2:      layout_rooms, nicolae_overflow_crystal_walls, kennysheep_slug_shrine,
          serial_curves, eino_curves_04, eino_curves_04, minmay_misc_feat_cross,
          minmay_misc_feat_hallway, serial_bayou_pond_c, kennysheep_flooded_box
D:3:      layout_loops_ring, first_ration
D:4:      layout_rooms, serial_shops, nicolae_shop_overgrown_old_shop
D:5:      cheibrodos_helix_gallery, layout_rooms, portal_sewer_entry_f,
          mrwooster_statue_mirror, kennysheep_another_room, uniq_pikel,
          uniq_blork_the_orc
D:6:      minmay_evil_eye, layout_rooms, minmay_mini_ossuary
D:7:      layout_layer_cave, lemuel_crystal_altar, temple_hall_moat,
          fedhas_altar_2, uniq_prince_ribbit1
D:8:      gammafunk_steamed_eel, layout_loops_ring,
          nicolae_overflow_hidden_temple, marbit_many_paths
D:9:      layout_roguey, orc_0_dummy, uniq_erica
D:10:     layout_layer_cave
D:11:     layout_stronghold, due_lair_maze_entry_diamond
D:12:     kennysheep_scales, layout_irregular_city, serial_shops, shop_coins,
          blue_anna_alchemist [blue_anna_fruit_fields, blue_anna_fruit_fields]

Skill      XL: |  1  2  3  4  5  6  7  8  9 10 11 |
---------------+----------------------------------+-----
Dodging        | 2 3 4 5 6 |  6.0
Fire Magic     | 3 4 5 6 |  6.8
Fighting       | 2 3 4 5 7 8 |  8.0
Stealth        | 2 |  2.0
Invocations    | 3 5 7 9 |  9.0
Armour         | 2 3 4 |  4.0
Conjurations   | 2 4 6 8 |  8.0
Spellcasting   | 4 6 |  6.9
Slings         | 3 4 |  4.0
Air Magic      | 2 |  2.7

Action                   |  1- 3 |  4- 6 |  7- 9 | 10-12 || total
-------------------------+-------+-------+-------+-------++-------
Melee: Unarmed           |     2 |       |       |       ||     2
       Dagger            |    22 |    74 |    99 |       ||   195
       Whip              |       |       |     3 |    62 ||    65
       Flail             |       |       |     1 |       ||     1
 Fire: Hunting sling     |       |       |    69 |    90 ||   159
Throw: Boomerang         |       |     3 |     2 |       ||     5
 Cast: Flame Tongue      |    40 |    55 |   132 |   177 ||   404
       Throw Flame       |     7 |    17 |    48 |    49 ||   121
       Conjure Flame     |       |       |     3 |       ||     3
       Sticky Flame      |       |       |       |     3 ||     3
       Mephitic Cloud    |       |       |       |     9 ||     9
Invok: Recall Ancestor   |       |     3 |     1 |     3 ||     7
       Ancestor Life: Ba |       |       |     1 |       ||     1
  Use: Scroll            |       |     6 |     2 |     3 ||    11
       Potion            |       |       |     4 |     8 ||    12
 Stab: Sleeping          |     2 |       |     1 |     1 ||     4
       Distracted        |       |     2 |       |     1 ||     3
  Eat: Chunk             |     3 |     9 |    13 |    16 ||    41
       Ration            |       |       |     1 |       ||     1
Armor: Robe              |     6 |    23 |    39 |    67 ||   135
       Skin              |       |       |    28 |       ||    28
       Leather armour    |       |       |    31 |       ||    31
Dodge: Dodged            |    19 |    69 |   119 |   155 ||   362
